 Dungeon Crawl Stone Soup version 0.30-a0-591-g3c58d2bc28 (webtiles) character file.

Game seed: 18252997289836524285

63 Armakuni the Trooper (level 4, 0/37 HPs)
             Began as a Human Artificer on Jan 4, 2023.
             Slain by a ball python (3 damage)
             ... on level 2 of the Dungeon on Jan 5, 2023.
             The game lasted 00:04:14 (1342 turns).

Armakuni the Trooper (Human Artificer)              Turns: 1342, Time: 00:04:14

Health: 0/37       AC:  3    Str: 13 (14) XL:     4   Next: 31%
Magic:  4/4        EV:  8    Int: 11 (12) God:
Gold:   53         SH:  0    Dex: 12 (13) Spells: 3/3 levels left

rFire   . . .      SeeInvis .    a - +0 mace
rCold   . . .      Faith    .    (no shield)
rNeg    . . .      Spirit   .    b - +0 leather armour
rPois   .          Reflect  .    (no helmet)
rElec   .          Harm     .    (no cloak)
rCorr   .          Rampage  .    (no gloves)
Will    .....                    (no boots)
Stlth   +                        (no amulet)
HPRegen 0.26/turn                (no ring)
MPRegen 0.09/turn                (no ring)

@: constricted
A: no striking features
a: no special abilities


You were on level 2 of the Dungeon.
You visited 1 branch of the dungeon, and saw 2 of its levels.

You collected 53 gold pieces.

Inventory:

Hand Weapons
 a - a +0 mace (weapon)
Missiles
 f - a poisoned dart (quivered)
Armour
 b - a +0 leather armour (worn)
Wands
 c - a wand of charming (14)
 j - a wand of iceblast (4)
 v - a wand of flame (1)
Scrolls
 d - a scroll of identify {unknown}
 e - a scroll of amnesia {unknown}


   Skills:
 + Level 3.8 Fighting
 - Level 2.0 Armour
 - Level 1.0 Dodging
 - Level 1.0 Stealth
 - Level 3.0 Evocations


You had 3 spell levels left.
You didn't know any spells.
Your spell library contained the following spells:

 Spells                   Type           Power      Damage    Failure   Level
 Summon Small Mammal      Summ           0%         N/A       41%         1
 Call Canine Familiar     Summ           0%         N/A       80%         3
 Summon Guardian Golem    Hex/Summ       0%         N/A       80%         3


Dungeon Overview and Level Annotations

Branches:
Dungeon (2/15)

Altars:


Message History

The ball python hisses angrily.
Things that are here:
a +0 club; a goblin corpse Throw: 3 darts (poison)
Press: ? - help, Q - select action, (/) - cycle Shift-Dir - straight line, f - ball python
Aim: a ball python (53% to hit)
You throw a poisoned dart.
The poisoned dart closely misses the ball python.
Throw: 2 darts (poison)
Press: ? - help, Q - select action, (/) - cycle Shift-Dir - straight line, f/p - ball python
Aim: a ball python (53% to hit)
You throw a poisoned dart.
The poisoned dart barely misses the ball python.
You closely miss the ball python. The ball python bites you.
* * * LOW HITPOINT WARNING * * *
The ball python grabs you. The ball python constricts you.
The ball python bites you but does no damage.
The ball python constricts you.
You hit the ball python but do no damage.
The ball python closely misses you. The ball python constricts you.
* * * LOW HITPOINT WARNING * * *
The ball python barely misses you. The ball python constricts you.
* * * LOW HITPOINT WARNING * * *
You closely miss the ball python. The ball python completely misses you.
The ball python constricts you.
* * * LOW HITPOINT WARNING * * *
You hit the ball python.
The ball python is heavily wounded.
The ball python bites you.
* * * LOW HITPOINT WARNING * * *
The ball python constricts you.
* * * LOW HITPOINT WARNING * * *
The ball python bites you.
* * * LOW HITPOINT WARNING * * *
The ball python constricts you.
* * * LOW HITPOINT WARNING * * *
You barely miss the ball python.
The ball python is heavily wounded.
The ball python bites you.
You die...

... #........# ##
#..####...###..# #^ ..#
#..
###..#........#..######.
.^^##..
........#...#....)...##.
...#.##
#....#...###..#..†...
.....#
###............>#...##.
....#
#..>............######.
.[.# #.........#######
#. #..####(..wS@...# #.
#..##...).....### #. .
#..##.####......# ##
.####w.†.....#....#.# .
.............#..#..... #
.†...........#..#.#.##.
. ####...##.##.#..#...#
. . #...##...........#
#...#####..... #.#


You could see a worm and a ball python.

Vanquished Creatures
  2 adders (D:2)
  3 worms (D:2)
  A dart slug (D:1)
  2 bats (D:1)
  2 endoplasms (D:1)
  5 goblins
  3 hobgoblins (D:1)
  4 jackals (D:1)
  4 kobolds (D:1)
  A quokka (D:1)
  3 ball pythons (D:1)
  A frilled lizard (D:1)
  2 rats (D:1)
33 creatures vanquished.

Vanquished Creatures (others)
  A hobgoblin (D:2)
1 creature vanquished.

Grand Total: 34 creatures vanquished

Notes
Turn   | Place    | Note
-------+----------+-------------------------------------------
     0 | D:1      | Armakuni the Human Artificer began the quest for the Orb.
     0 | D:1      | Reached XP level 1. HP: 15/15 MP: 1/1
   139 | D:1      | Reached XP level 2. HP: 22/22 MP: 2/2
   154 | D:1      | HP: 1/22 [goblin/+0 club (2)]
   419 | D:1      | Reached XP level 3. HP: 24/28 MP: 3/3
  1296 | D:2      | Reached XP level 4. HP: 18/35 MP: 4/4
  1342 | D:2      | Slain by a ball python

Illustrated notes

Levels and vault maps discovered:
D:1:      spicycebolla_arrival_ecumenical, layout_basic
D:2:      layout_loops_cross, nicolae_wormholes

Skill      XL: |  1  2  3 |
---------------+----------+-----
Fighting       | 2 3 |  3.8
Armour         | |  2.0
Dodging        | |  1.0
Stealth        | |  1.0
Evocations     | |  3.0

Action                   |  1- 3 |  4- 6 || total
-------------------------+-------+-------++-------
Melee: Club              |    73 |       ||    73
       Mace              |    40 |    15 ||    55
Throw: Dart              |    22 |     2 ||    24
Evoke: Wand              |    13 |     3 ||    16
  Use: Potion            |     2 |       ||     2
 Stab: Sleeping          |     3 |       ||     3
Armor: Leather armour    |    46 |     3 ||    49
Dodge: Dodged            |   104 |    12 ||   116

Table legend: (Time is in decaauts)
 A = Elapsed time spent in this place.
 B = Non-inter-level travel time spent in this place.
 C = Inter-level travel time spent in this place.
 D = Time resting spent in this place.
 E = Time spent auto-exploring this place.
 F = Levels seen in this place.
 G = Mean time per level.
                   A        B        C        D        E       F      G
               +--------+--------+--------+--------+--------+-----+--------+
         Total |   1384 |   1308 |     76 |    204 |    666 |   2 |  692.0 |
       Dungeon |   1384 |   1308 |     76 |    204 |    666 |   2 |  692.0 |
               +--------+--------+--------+--------+--------+-----+--------+

Top non-repeatable levels by time:
     D:1: 1211 daAuts
     D:2: 173 daAuts
